 Dungeon Crawl Stone Soup version 0.19-a0-1384-gbb462ca (webtiles) character file.

443 Amnesiac the Ruffian (level 6, 0/93 HPs)
             Began as a Troll Berserker on Sept 3, 2016.
             Was a Believer of Trog.
             Slain by a gnoll
             ... wielding a cursed -2 spear
              (3 damage)
             ... on level 6 of the Dungeon.
             The game lasted 00:02:43 (1231 turns).

Amnesiac the Ruffian (Troll Berserker)              Turns: 1231, Time: 00:02:44

Health: 0/93       AC:  5    Str: 31    XL:     6   Next: 71%
Magic:  5/5        EV: 11    Int:  3    God:    Trog [**....]
Gold:   77         SH:  0    Dex: 11    Spells: 0 memorised, 5 levels left

rFire  . . .     SeeInvis .       - Unarmed
rCold  . . .     Gourm    +     a - +0 animal skin
rNeg   . . .     Faith    .     (no shield)
rPois  .         Spirit   .     (helmet restricted)
rElec  .         Dismiss  .     (no cloak)
rCorr  .         Reflect  .     (gloves unavailable)
MR     .....     Harm     .     (boots unavailable)
Stlth  ..........               (no amulet)
                                (no ring)
                                (no ring)

@: berserking, very quick
A: unfitting armour, claws 3, fast metabolism 3, gourmand, regeneration 1,
shaggy fur 1, tough skin 2
a: Berserk, Trog's Hand, Burn Spellbooks, Renounce Religion


You were on level 6 of the Dungeon.
You worshipped Trog.
Trog was pleased with you.
You were completely stuffed.

You visited 1 branch of the dungeon, and saw 6 of its levels.

You collected 77 gold pieces.

Inventory:

Armour
 a - a +0 animal skin (worn)
Jewellery
 g - an uncursed ring of ice {unknown}
Scrolls
 c - 2 scrolls of immolation {unknown}
 d - a scroll of enchant weapon {unknown}
 h - a scroll of enchant armour {unknown}
 m - 3 scrolls of identify {unknown}
 o - a scroll of teleportation {unknown}
 r - a scroll of random uselessness {unknown}
 s - a scroll of remove curse {unknown}
Potions
 e - 2 potions of resistance {unknown}
 f - 2 potions of haste {unknown}
 i - 2 potions of magic {unknown}
 k - a potion of brilliance {unknown}
 p - a potion of berserk rage {unknown}
 q - a potion of curing {unknown}
 t - a potion of cure mutation {unknown}
Comestibles
 b - 4 bread rations
 j - a meat ration
 l - 3 chunks of flesh
 n - 2 fruits


   Skills:
 + Level 3.8 Fighting
 + Level 3.7 Dodging
 * Level 5.8 Unarmed Combat


You had 5 spell levels left.
You didn't know any spells.

Dungeon Overview and Level Annotations

Branches:
Dungeon (6/15)
 Temple: D:4-7

Altars:


Innate Abilities, Weirdness & Mutations

You are too large for most types of armour.
You have claws for hands.
Your metabolism is lightning-fast.
You like to eat raw meat.
Your natural rate of healing is unusually fast.
You are covered in fur. (AC +1)
You have very tough skin. (AC +2)


Message History

Unknown command.
You scratch the gnoll.
The gnoll is severely wounded.
The gnoll closely misses you. The gnoll barely misses you.
The gnoll closely misses you.
Unknown command.
You claw the gnoll!
You feel the power of Trog in you as your rage grows.
You kill the gnoll!
Trog accepts your kill. The gnoll completely misses you. The gnoll misses you.
Unknown command.
You scratch the gnoll.
The gnoll is moderately wounded.
The gnoll barely misses you.
You scratch the gnoll.
The gnoll is heavily wounded.
The gnoll barely misses you. The gnoll closely misses you.
The gnoll hits you from afar with a spear.
You die...

## ..) .... #.. ....
.. ...#
#####.#########...#
....=.)@..........#
#####gg)..........#.
.....g.g...#.......
#...#!....†.<...#
#.# #...........# #
#.#.....##..#
#........ .....
.......... .###
.............#


You could see 4 gnolls.

Vanquished Creatures
  An ice beast (D:6)
  A wyvern skeleton (D:5)
  A giant frog zombie (D:3)
  A quasit (D:5)
  An orc wizard (D:3)
  2 gnoll shamans
  An iguana (D:4)
  2 adders (D:3)
  5 gnolls
  3 worms
  A dart slug (D:1)
  2 giant geckos
  3 orcs (D:3)
  3 giant cockroaches
  7 goblins
  A hobgoblin (D:1)
  6 kobolds
  2 quokkas
  3 bats
  2 giant newts
  5 rats
53 creatures vanquished.

Notes
Turn   | Place    | Note
-------+----------+-------------------------------------------
     0 | D:1      | Amnesiac the Troll Berserker began the quest for the Orb.
     0 | D:1      | Reached XP level 1. HP: 22/22 MP: 0/0
   170 | D:1      | Reached XP level 2. HP: 29/29 MP: 1/1
   683 | D:2      | Reached XP level 3. HP: 35/36 MP: 2/2
   713 | D:3      | Reached ** piety under Trog
   718 | D:3      | Reached skill level 4 in Unarmed Combat
   721 | D:3      | Reached XP level 4. HP: 45/45 MP: 3/3
   888 | D:4      | Reached XP level 5. HP: 53/53 MP: 4/4
   977 | D:4      | Reached skill level 5 in Unarmed Combat
  1006 | D:5      | Entered Level 5 of the Dungeon
  1046 | D:5      | Reached XP level 6. HP: 61/61 MP: 5/5
  1206 | D:6      | Noticed an ice beast
  1222 | D:6      | Killed an ice beast
  1227 | D:6      | HP: 2/93 [gnoll/flail (8)]
  1231 | D:6      | Slain by a gnoll

Vault maps used:
D:1:      lightli_arrival_flooded_house
D:2:      first_bread
D:3:      kb_xom_exploding_sheep
D:4:      uniq_natasha
D:5:      minmay_misc_feat_ornament, grunt_ministairs_1
D:6:      portal_sewer_entry_b, minmay_unpleasant_kobolds

Skill      XL: |  1  2  3  4  5 |
---------------+----------------+-----
Unarmed Combat | 4 5 |  5.8
Fighting       | 3 |  3.8
Dodging        | 3 |  3.7

Action                   |  1- 3 |  4- 6 || total
-------------------------+-------+-------++-------
Melee: Unarmed           |    89 |    62 ||   151
       Punch             |       |     3 ||     3
Invok: Berserk           |       |     2 ||     2
  Eat: Chunk             |    12 |     6 ||    18
Armor: Animal skin       |    22 |    17 ||    39
Dodge: Dodged            |    31 |    56 ||    87
